 Dungeon Crawl Stone Soup version 0.29-a0-23-ga79f92ac9c (webtiles) character file.

Game seed: 14137824148294340658

184 riojii the Shield-Bearer (level 5, -7/42 HPs)
             Began as a Formicid Fighter on Jan 30, 2022.
             Mangled by an ogre (15 damage)
             ... on level 4 of the Dungeon.
             The game lasted 00:04:45 (3661 turns).

riojii the Shield-Bearer (Formicid Fighter)         Turns: 3661, Time: 00:04:46

Health: -7/42      AC: 10    Str: 21    XL:     5   Next: 95%
Magic:  5/5        EV:  8    Int:  9    God:
Gold:   157        SH:  5    Dex: 12    Spells: 4/4 levels left

rFire   + . .      SeeInvis +   j - +0 hand axe of Eternal Vigilance {vorpal, Int+2}
rCold   + . .      Faith    .   c - +0 buckler
rNeg    . . .      Spirit   .   p - +0 chain mail
rPois   .          Reflect  .   (helmet unavailable)
rElec   .          Harm     .   h - scarf {rC+ rF+}
rCorr   .          Rampage  .   (no gloves)
Will    .....                   s - +0 pair of boots
Stlth   ..........              r - amulet of the acrobat
HPRegen 0.14/turn               (no ring)
MPRegen 0.09/turn               (no ring)

@: no status effects
A: permanent stasis, dig shafts and tunnels, antennae 3, four strong arms
a: Dig, Shaft Self


You were on level 4 of the Dungeon.
You visited 1 branch of the dungeon, and saw 4 of its levels.

You collected 157 gold pieces.

Inventory:

Hand Weapons
 j - the +0 hand axe of Eternal Vigilance (weapon) {vorpal, Int+2}
   (You found it on level 2 of the Dungeon)

   It inflicts extra damage upon your enemies.
   Int:       It affects your intelligence (+2).
Armour
 c - a +0 buckler (worn)
 h - a scarf of resistance (worn)
 p - a +0 chain mail (worn)
 s - a +0 pair of boots (worn)
Jewellery
 r - an amulet of the acrobat (around neck)
Scrolls
 g - a scroll of amnesia
Potions
 a - a potion of ambrosia {unknown}
 d - a potion of might
 e - 2 potions of attraction {unknown}
 i - a potion of berserk rage {unknown}
 k - 2 potions of invisibility {unknown}
 l - 2 potions of brilliance {unknown}
 m - 3 potions of mutation {unknown}
 n - a potion of degeneration {unknown}


   Skills:
 + Level 4.1 Fighting
 * Level 3.5 Axes
 + Level 4.0 Armour
 + Level 1.5 Dodging
 + Level 4.5 Shields


You had 4 spell levels left.
You didn't know any spells.
Your spell library was empty.

Dungeon Overview and Level Annotations

Branches:
Dungeon (4/15)
 Temple: D:4-7

Altars:
Ashenzari
Gozag


Innate Abilities, Weirdness & Mutations

You cannot be hasted, slowed, berserked, paralysed or teleported.
You can dig through walls and to a lower floor.
You have a pair of large antennae on your head. (SInv)
Your four strong arms can wield two-handed weapons with a shield.


Message History

Done exploring.
Done exploring.
(D) Dungeon
Where to? (Enter - D:3, ? - help)
There is a stone staircase leading down here.
You climb downwards.
You block the ogre's attack.
There is a stone staircase leading up here.
You hit the ogre.
The ogre is lightly wounded.
You block the ogre's attack.
You hit the ogre.
The ogre is moderately wounded.
The ogre barely misses you.
You hit the ogre but do no damage.
The ogre is moderately wounded.
The ogre barely misses you.
You hit the ogre.
The ogre is moderately wounded.
You slash the ogre!
The ogre is severely wounded.
The ogre closely misses you.
You barely miss the ogre.
The ogre is severely wounded.
The ogre hits you with a +0 giant spiked club.
You closely miss the ogre.
The ogre is heavily wounded.
The ogre barely misses you.
You hit the ogre.
The ogre is severely wounded.
The ogre hits you with a +0 giant spiked club!!
Ouch! That really hurt!
You are too injured to fight recklessly!
You hit the ogre.
The ogre is severely wounded.
The ogre hits you with a +0 giant spiked club!
* * * LOW HITPOINT WARNING * * *
You hit the ogre.
The ogre is almost dead.
The ogre hits you with a +0 giant spiked club!
You die...

.. ...... .......
.......#+#####
.............####
.............#..#
...........O@#..#
.............#..# {
.............#..## .
.............#...# {###{ ..
##......######...####.####...
#......#....#....'..........
#......'....#....#..........
#......#....#....#..........
#......#'####...##.....##...


You could see an ogre.

Vanquished Creatures
  An orc wizard (D:4)
  4 adders
  4 gnolls
  An adder skeleton (D:4)
  4 worms
  2 dart slugs (D:1)
  6 orcs
  7 ball pythons
  A bat (D:1)
  4 endoplasms
  2 giant cockroaches
  7 goblins
  5 hobgoblins
  5 kobolds
  A quokka (D:1)
  5 frilled lizards
  4 rats
63 creatures vanquished.

Vanquished Creatures (others)
  12 plants (D:1)
12 creatures vanquished.

Grand Total: 75 creatures vanquished

Notes
Turn   | Place    | Note
-------+----------+-------------------------------------------
     0 | D:1      | riojii the Formicid Fighter began the quest for the Orb.
     0 | D:1      | Reached XP level 1. HP: 18/18 MP: 1/1
    85 | D:1      | Found a faded altar of an unknown god.
   173 | D:1      | Reached XP level 2. HP: 15/24 MP: 2/2
   399 | D:1      | Reached XP level 3. HP: 23/29 MP: 3/3
  1377 | D:2      | Identified the +0 hand axe of Eternal Vigilance {vorpal,
                  | Int+2}
  1485 | D:2      | Reached XP level 4. HP: 35/37 MP: 4/4
  1621 | D:2      | You fall into a shaft and drop 2 floors!
  1632 | D:4      | Reached skill level 1 in Dodging
  1871 | D:4      | Reached XP level 5. HP: 31/42 MP: 5/5
  1948 | D:4      | Found an opulent altar of Gozag.
  1974 | D:4      | Noticed an ogre
  2980 | D:3      | Found a broken altar of Ashenzari.
  3661 | D:4      | Mangled by an ogre

Illustrated notes

Levels and vault maps discovered:
D:1:      dpeg_arrival_simpleton_b, layout_rooms,
          hellmonk_ecumenical_altar_lost_god, chequers_big_river
D:2:      layout_loops_cross
D:3:      layout_loops_ring, ashenzari_altar_1, nicolae_wormholes
D:4:      layout_gridville, grunt_gozag_statues, minmay_misc_feat_rows,
          minmay_puff, uniq_duvessa

Skill      XL: |  1  2  3  4  5 |
---------------+----------------+-----
Shields        | 4 |  4.5
Dodging        | 1 |  1.5
Axes           | 3 |  3.5
Fighting       | 4 |  4.1
Armour         | 4 |  4.0

Action                   |  1- 3 |  4- 6 || total
-------------------------+-------+-------++-------
Melee: War axe           |    66 |       ||    66
       Hand axe          |     7 |   129 ||   136
  Use: Scroll            |     3 |     3 ||     6
Armor: Scale mail        |    37 |    41 ||    78
       Chain mail        |       |     6 ||     6
Dodge: Dodged            |    36 |    49 ||    85
Block: Buckler           |    17 |    41 ||    58

Table legend: (Time is in decaauts)
 A = Elapsed time spent in this place.
 B = Non-inter-level travel time spent in this place.
 C = Inter-level travel time spent in this place.
 D = Time resting spent in this place.
 E = Time spent auto-exploring this place.
 F = Levels seen in this place.
 G = Mean time per level.
                   A        B        C        D        E       F      G
               +--------+--------+--------+--------+--------+-----+--------+
         Total |   3723 |   3568 |    155 |    476 |   2439 |   4 |  930.8 |
       Dungeon |   3723 |   3568 |    155 |    476 |   2439 |   4 |  930.8 |
               +--------+--------+--------+--------+--------+-----+--------+

Top non-repeatable levels by time:
     D:3: 1188 daAuts
     D:2: 1099 daAuts
     D:1: 1048 daAuts
     D:4: 386 daAuts
